AoeStats
← LyftSjälar

Four Lakes

509301060Analyzed
1v1 RM · 5d ago on Sep 26, 2026· 55m 16s· 2 players
Game mode
Random Map
Map size
Tiny (2 player)
Population
200
Speed
Normal
Resources
Standard
Victory
Conquest
Starting age
Dark Age
Ending age
Imperial Age
RankedLock teamsTeams togetherTeam positionsShared explorationLock speedFull tech treeHidden civsTurbo modeCheats
Victory
Defeat
🇸🇪 Varangians · Sweden
937
+17
🇫🇷 Persians · France
967
-17
tony45330
6:46 Loom
9:08 Feudal Age
10:06 Double-Bit Axe
15:58 Castle Age
15:02 Fishing Lines
15:35 Scale Barding Armor
16:40 Bloodlines
17:30 Horse Collar
19:02 Forging
20:32 Husbandry
21:38 Bow Saw
21:24 Gillnets
23:36 Chain Barding Armor
25:18 Iron Casting
26:01 Wheelbarrow
25:41 Heavy Plow
27:02 Town Watch
35:18 Imperial Age
34:45 Fletching
35:22 Ballistics
34:59 Murder Holes
36:56 Two-Man Saw
35:34 Light Cavalry
36:25 Bodkin Arrow
37:43 Chemistry
36:11 Heavy Scorpion
37:03 Hussar
51:25 Padded Archer Armor
52:01 Plate Barding Armor
52:27 Blast Furnace
51:24 Elite Skirmisher
52:12 Thumb Ring
52:44 Leather Archer Armor
54:35 Ring Archer Armor
55:19 Plate Barding Armor
55:45 Blast Furnace
LyftSjälar
2:54 Loom
11:36 Feudal Age
12:59 Fishing Lines
19:00 Castle Age
18:01 Double-Bit Axe
21:15 Gillnets
22:39 Gambesons
22:55 Squires
24:30 Scale Mail Armor
24:40 Forging
24:37 Gold Mining
24:38 Stone Mining
25:15 Horse Collar
27:05 Chain Mail Armor
27:05 Heavy Plow
27:17 Bow Saw
28:42 Medium Warships
29:52 Masonry
30:26 Iron Casting
31:25 Ballistics
34:58 Imperial Age
33:04 Wheelbarrow
32:15 Town Watch
33:15 Fortified Wall
33:01 Murder Holes
35:23 Hand Cart
35:09 Town Patrol
36:37 Architecture
36:33 Bloodlines
36:26 Fletching
36:59 Siege Engineers
37:55 Chemistry
37:52 Crop Rotation
38:17 Stone Shaft Mining
37:50 Cavalier
38:30 Husbandry
38:38 Scale Barding Armor
39:03 Plate Mail Armor
43:28 Pikeman
45:53 Chain Barding Armor
47:15 Two-Man Saw
48:16 Blast Furnace
47:51 Plate Barding Armor
47:38 Light Cavalry
48:17 Bodkin Arrow
49:10 Conscription
48:16 Elite Varangian Guard
50:02 Halberdier
50:28 Arson
51:21 Bracer
50:48 Vendel Legacy
51:30 Capped Ram
52:04 Gothikon
53:36 Elite Jarl
54:24 Padded Archer Armor
Connection lost

Rejoining the realm…

Still unreachable

The connection could not be restored.

Session expired

The server has moved on; the page needs a fresh start.